 Dungeon Crawl Stone Soup version 0.24.0-2-g5b39cebb1c (webtiles) character file.

Game seed: 8806246208117894424, levelgen mode: deterministic

296 Fv001 the Agent of Entropy (level 6, -3/48 HPs)
             Began as a Formicid Abyssal Knight on Oct 31, 2019.
             Was a Priest of Lugonu.
             Succumbed to an orc wizard's poison
             ... on level 3 of the Dungeon.
             The game lasted 00:10:25 (3423 turns).

Fv001 the Agent of Entropy (FoAK)                   Turns: 3423, Time: 00:10:26

Health: -3/48      AC: 13    Str: 18    XL:     6   Next: 62%
Magic:  9/9        EV:  1    Int: 17    God:    Lugonu [***...]
Gold:   172        SH: 11    Dex: 10    Spells: 5/5 levels left

rFire    + . .     SeeInvis +   a - +1 falchion
rCold    + . .     Gourm    .   r - +0 large shield
rNeg     . . .     Faith    .   i - +0 plate armour
rPois    +         Spirit   .   (helmet unavailable)
rElec    +         Reflect  .   (no cloak)
rCorr    +         Harm     .   k - +0 pair of gloves (curse)
MR       .....                  c - +0 pair of boots
Stlth    ..........             l - amulet of magic regeneration
HPRegen  0.16/turn              (no ring)
MPRegen  0.36/turn              (no ring)

@: brilliant, lethally poisoned (-3 -> -60), resistant
A: permanent stasis, dig shafts and tunnels, four strong arms, antennae 3
a: Dig, Shaft Self, Depart the Abyss, Bend Space, Banish, Renounce Religion


You were on level 3 of the Dungeon.
You worshipped Lugonu.
Lugonu was most pleased with you.
You were hungry.

You visited 1 branch of the dungeon, and saw 4 of its levels.
You visited the Abyss 1 time.

You collected 172 gold pieces.

Inventory:

Hand Weapons
 a - a +1 falchion (weapon)
 b - a +0 short sword
Armour
 c - a +0 pair of boots (worn)
 i - a +0 plate armour (worn)
 k - a cursed +0 pair of gloves (worn)
 r - a +0 large shield (worn)
Jewellery
 l - an amulet of magic regeneration (around neck)
Scrolls
 e - a scroll of blinking {unknown}
 f - a scroll of teleportation {unknown}
 j - a scroll of remove curse
 o - a scroll of enchant weapon {unknown}
Potions
 d - a potion of cancellation
 h - a potion of brilliance
 n - a potion of magic {unknown}
 s - a potion of lignification {unknown}
 t - a potion of agility {unknown}
Comestibles
 u - 12 rations


   Skills:
 + Level 4.2 Fighting
 * Level 3.8 Long Blades
 + Level 3.2 Armour
 + Level 2.0 Dodging
 + Level 1.0 Shields
 * Level 4.4 Invocations


You had 5 spell levels left.
You didn't know any spells.
Your spell library contained the following spells:

 Spells                   Type           Power        Failure   Level  Hunger
 Animate Skeleton         Necr           N/A          100%        1    ##.....
 Apportation              Tloc           ##....       100%        1    ##.....
 Confusing Touch          Hex            ##....       100%        1    ##.....
 Summon Small Mammal      Summ           ##..         100%        1    ##.....


Dungeon Overview and Level Annotations

Branches:
Dungeon (4/15)             Temple (0/1) D:4

Altars:
Dithmenos


Innate Abilities, Weirdness & Mutations

You cannot be hasted, slowed, berserked, paralysed or teleported.
You can dig through walls and to a lower floor.
Your four strong arms can wield two-handed weapons with a shield.
You have a pair of large antennae on your head. (SInv)


Message History

* * * LOW HITPOINT WARNING * * *
You feel very sick. You block the orc wizard's attack.
The orc wizard gestures at you while chanting.
The magic dart hits you but does no damage.
The orc wizard hits you with a +0 dagger.
* * * LOW HITPOINT WARNING * * *
Press: ? - help, Shift-Dir - straight line, f/p - orc wizard
Aim: an orc wizard, wielding a +0 dagger of venom and wearing a +0 robe (fast, chance to defeat MR: 83%)
You fail to use your ability.
* * * LOW HITPOINT WARNING * * *
You feel very sick.
The orc wizard hits you with a +0 dagger of venom.
* * * LOW HITPOINT WARNING * * *
You are more poisoned.
The orc wizard hits you but does no damage. x2
You are more poisoned.
It was a potion of resistance.
You feel protected.
You die...

##########.#..### #.####
#............####....#
#.###............###.###
#.###......#)###.#.....#######
#.#........#)###.#.#.........>
#.#(#................#.#######
#.#.#................#..## #
#.#.#.###..#o#o#.#..(.<#.## #
#...#(# #..#.@#..###..###.####
#..##.# #..#.###.###.#####....
#.(##.###..#.###.##.....###.##
#..#....................##..#
#..(.........#.#####....#.#.##
#####(###.##.##...#
#>........#
.......##.##.###.##
###........ .........#.#.# #.#
##.##.... ........###..# #.#
#.......


You could see 2 orc wizards.

Vanquished Creatures
  A hound (D:3)
  An orc wizard (D:3)
  A bullfrog skeleton (D:4)
  2 worker ants (D:4)
  5 adders
  2 oozes
  3 worms
  3 leopard geckos
  6 orcs (D:3)
  2 ball pythons (D:1)
  4 giant cockroaches
  6 goblins
  6 hobgoblins
  5 jackals (D:1)
  A quokka (D:2)
  9 bats
  5 frilled lizards
  8 kobolds
  10 rats
80 creatures vanquished.

Vanquished Creatures (others)
  An orc priest (D:4)
1 creature vanquished.

Grand Total: 81 creatures vanquished

Notes
Turn   | Place    | Note
-------+----------+-------------------------------------------
     0 | Abyss:1  | Fv001 the Formicid Abyssal Knight began the quest for the
                  | Orb.
     0 | Abyss:1  | Reached XP level 1. HP: 18/18 MP: 2/2
    11 | D:1      | Escaped the Abyss
    80 | D:1      | Reached skill level 1 in Dodging
    80 | D:1      | Reached XP level 2. HP: 19/24 MP: 3/3
   305 | D:1      | Reached ** piety under Lugonu
   385 | D:1      | Reached XP level 3. HP: 29/29 MP: 4/4
   937 | D:2      | Reached XP level 4. HP: 29/37 MP: 6/6
  1046 | D:2      | Found a faded altar of an unknown god.
  2008 | D:3      | Reached XP level 5. HP: 35/42 MP: 7/7
  2133 | D:3      | Reached *** piety under Lugonu
  2714 | D:3      | Reached XP level 6. HP: 43/48 MP: 7/9
  3071 | D:3      | Found a shadowy altar of Dithmenos.
  3266 | D:4      | Found a staircase to the Ecumenical Temple.
  3387 | D:4      | Reached skill level 1 in Shields
  3422 | D:3      | HP: 2/48 [orc wizard/+0 dagger of venom (1)]
  3423 | D:3      | Succumbed to an orc wizard's poison

Levels and vault maps discovered:
D:1:      dpeg_arrival_pond, layout_basic, minmay_indecisive_spiral
D:2:      layout_basic, chequers_ecumenical_altar_lobes, first_ration
D:3:      layout_loops_ring, nicolae_dithmenos_through_a_glass_darkly
D:4:      layout_basic, minmay_temple_entry_steel_oval, grunt_ministairs_15,
          minivault_25, kennysheep_minor_cross, minmay_lizard_king

Skill      XL: |  1  2  3  4  5  6 |
---------------+-------------------+-----
Dodging        | 1 2 |  2.0
Invocations    | 3 4 |  4.4
Long Blades    | 3 |  3.8
Fighting       | 4 |  4.2
Armour         | 3 |  3.2
Shields        | 1 |  1.0

Action                   |  1- 3 |  4- 6 || total
-------------------------+-------+-------++-------
Melee: Falchion          |   110 |   261 ||   371
Invok: Banish            |       |     2 ||     2
 Abil: Dig               |       |     3 ||     3
  Use: Scroll            |     1 |     4 ||     5
       Potion            |       |     6 ||     6
  Eat: Chunk             |       |     9 ||     9
Armor: Leather armour    |     6 |       ||     6
       Chain mail        |    17 |       ||    17
       Plate armour      |    47 |   215 ||   262
Dodge: Dodged            |    40 |    48 ||    88
Block: Large shield      |       |    69 ||    69
       Rpst.: Falchion   |    14 |    19 ||    33
